 Dungeon Crawl Stone Soup version 0.30-a0-757-ga6a79fd877 (webtiles) character file.

Game seed: 1994162569761141016

123 Chaicat the Trooper (level 4, -2/41 HPs)
             Began as a Minotaur Fighter on Feb 7, 2023.
             Was an Initiate of Ashenzari.
             Slain by a gnoll
             ... wielding a +0 halberd
              (10 damage)
             ... on level 4 of the Dungeon on Feb 9, 2023.
             The game lasted 00:06:12 (2147 turns).

Chaicat the Trooper (Minotaur Fighter)              Turns: 2147, Time: 00:06:14

Health: -2/41      AC:  7    Str: 20    XL:     4   Next: 79%
Magic:  3/3        EV:  9    Int:  5    God:    Ashenzari [......]
Gold:   174        SH:  0    Dex: 12    Spells: 3/3 levels left

rFire   . . .      SeeInvis .    a - +0 war axe
rCold   . . .      Faith    .    c - +1 buckler
rNeg    . . .      Spirit   .    b - +0 scale mail
rPois   .          Reflect  +    (helmet restricted)
rElec   .          Harm     .    (no cloak)
rCorr   .          Rampage  .    (no gloves)
Will    .....                    (no boots) Stlth
                                 e - amulet of reflection
HPRegen 0.26/turn                (no ring)
MPRegen 0.08/turn                (no ring)

@: confused
A: horns 2, retaliatory headbutt
a: Renounce Religion


You were on level 4 of the Dungeon.
You worshipped Ashenzari.
Ashenzari was noncommittal.
You visited 1 branch of the dungeon, and saw 4 of its levels.

You collected 174 gold pieces.

Inventory:

Hand Weapons
 a - a +0 war axe (weapon)
Armour
 b - a +0 scale mail (worn)
 c - a +1 buckler (worn)
Jewellery
 e - an amulet of reflection (around neck)
Scrolls
 g - a scroll of teleportation
Potions
 d - a potion of might
 f - a potion of ambrosia {unknown}
 h - 3 potions of curing
 i - a potion of flight {unknown}


   Skills:
 + Level 4.7 Fighting
 + Level 3.6 Axes
 + Level 4.5 Armour
 + Level 4.5 Shields


You had 3 spell levels left.
You didn't know any spells.
Your spell library contained the following spells:

 Spells                   Type           Power      Damage    Failure   Level
 Lesser Beckoning         Tloc           0%         N/A       96%         2
 Gell's Gravitas          Tloc           0%         N/A       99%         3
 Teleport Other           Tloc           0%         N/A       99%         3


Dungeon Overview and Level Annotations

Branches:
Dungeon (4/15)
 Temple: D:4-7

Altars:
Ashenzari
Kikubaaqudgha
Nemelex Xobeh
Uskayaw


Innate Abilities, Weirdness & Mutations

You have a pair of horns on your head.
You reflexively headbutt those who attack you in melee.


Message History

No target in view!
HP restored.
A gnoll comes into view. It is wielding a +1 halberd of flaming.
A gnoll comes into view. It is wielding a +0 flail.
There are monsters nearby!
The gnoll shouts!
You hear a shout! x2
A gnoll comes into view. It is wielding a +0 halberd.
Found 6 gold pieces.
There is a stone staircase leading down here.
The gnoll hits you but does no damage.
An orc wizard comes into view. It is wielding a +0 dagger.
You barely miss the gnoll. You block the gnoll's attack.
The gnoll barely misses you. x2
An orc comes into view. It is wielding a +0 flail.
The gnoll hits you from afar with a +1 halberd of flaming.
The gnoll burns you.
You closely miss the gnoll. You headbutt the gnoll.
The gnoll is lightly wounded.
The gnoll closely misses you. x2; You block the gnoll's attack.
You slash the gnoll! Your headbutt misses the gnoll.
The gnoll is almost dead.
You block the gnoll's attack.
The gnoll hits you from afar with a +1 halberd of flaming!
The gnoll burns you. You block the gnoll's attack.
An orc comes into view. It is wielding a +0 hand axe.
The gnoll hits you from afar with a +0 halberd.
The gnoll closely misses you.
The gnoll hits you from afar with a +1 halberd of flaming!
* * * LOW HITPOINT WARNING * * *
The gnoll burns you.
* * * LOW HITPOINT WARNING * * *
The orc wizard casts a spell at you.
You are confused.
You are too injured to fight recklessly!
You are too injured to fight recklessly!
You are too injured to fight recklessly!
An orc priest comes into view. It is wielding a +0 club.
The orc priest shouts!
You hear a shout!
The gnoll hits you with a +0 halberd!
You die...

.........##.####
...#.............
#..........##.####
########......#
###.#### ##.##
#.>.# #g..# #@o.#
#.gg# #...# ...oo.
......o.
$.........
##....#.###
#....#.#


You could see an orc priest, an orc wizard, 3 gnolls and 2 orcs.

Vanquished Creatures
  Natasha (twice) (D:3)
  2 adders
  2 worms (D:2)
  A dart slug (D:1)
  4 orcs (D:3)
  3 endoplasms
  A giant cockroach (D:2)
  5 goblins
  2 hobgoblins (D:2)
  2 kobolds (D:1)
  3 quokkas
  8 ball pythons
  3 bats
  2 frilled lizards
  3 rats
43 creatures vanquished.

Notes
Turn   | Place    | Note
-------+----------+-------------------------------------------
     0 | D:1      | Chaicat the Minotaur Fighter began the quest for the Orb.
     0 | D:1      | Reached XP level 1. HP: 19/19 MP: 0/0
   402 | D:1      | Reached XP level 2. HP: 26/27 MP: 1/1
   785 | D:2      | Noticed a golden eye
   799 | D:2      | Identified the +1 chain mail "Icac" {+Inv rElec Slay-2
                  | SInv}
   939 | D:2      | Reached XP level 3. HP: 31/33 MP: 2/2
  1133 | D:2      | Found a faded altar of an unknown god.
  1135 | D:2      | Noticed a great orb of eyes
  1135 | D:2      | Noticed a great orb of eyes
  1140 | D:2      | Noticed a floating eye
  1318 | D:3      | Upgraded the game from 0.30-a0-743-gbfdf073431 to
                  | 0.30-a0-757-ga6a79fd877
  1481 | D:3      | Found a broken altar of Ashenzari.
  1484 | D:3      | Became a worshipper of Ashenzari the Shackled
  1507 | D:3      | Reached XP level 4. HP: 36/41 MP: 3/3
  1585 | D:3      | Noticed Natasha
  1596 | D:3      | Killed Natasha
  1610 | D:3      | Found an ancient bone altar of Kikubaaqudgha.
  1610 | D:3      | Found a hide-covered altar of Uskayaw.
  1805 | D:3      | Noticed Natasha
  1817 | D:3      | Killed Natasha
  2108 | D:4      | Found a sparkling altar of Nemelex Xobeh.
  2147 | D:4      | Slain by a gnoll

Illustrated notes

Levels and vault maps discovered:
D:1:      minmay_arrival_wavy_path, layout_basic, serial_rivers,
          chequers_serial_rivers_micro_e, chequers_serial_rivers_large_a,
          chequers_serial_rivers_micro_b, chequers_serial_rivers_micro_e
D:2:      layout_loops_cross, hellmonk_ecumenical_altar_watching_god,
          minmay_heptomino_d4
D:3:      layout_loops_ring, chequers_temple_overflow_statue_of_worship,
          lemuel_doored_altar, uniq_natasha
D:4:      layout_loops_cross, mainiacjoe_overflow_small_starburst,
          mainiacjoe_overflow_two_lobes, uniq_crazy_yiuf_cottage, uniq_eustachio

Skill      XL: |  1  2 |
---------------+-------+-----
Fighting       | 4 |  4.7
Armour         | 4 |  4.5
Shields        | 4 |  4.5
Axes           | 3 |  3.6

Action                     |  1- 3 |  4- 6 || total
---------------------------+-------+-------++-------
  Melee: War axe           |    64 |    31 ||    95
         Headbutt          |     6 |     2 ||     8
    Use: Scroll            |     4 |     3 ||     7
 Armour: Scale mail        |    30 |     8 ||    38
  Dodge: Dodged            |    34 |    16 ||    50
  Block: Buckler           |    24 |    20 ||    44

Table legend: (Time is in decaauts)
 A = Elapsed time spent in this place.
 B = Non-inter-level travel time spent in this place.
 C = Inter-level travel time spent in this place.
 D = Time resting spent in this place.
 E = Time spent auto-exploring this place.
 F = Levels seen in this place.
 G = Mean time per level.
                   A        B        C        D        E       F      G
               +--------+--------+--------+--------+--------+-----+--------+
         Total |   2211 |   2164 |     47 |      0 |   1532 |   4 |  552.8 |
       Dungeon |   2211 |   2164 |     47 |      0 |   1532 |   4 |  552.8 |
               +--------+--------+--------+--------+--------+-----+--------+

Top non-repeatable levels by time:
     D:3: 819 daAuts
     D:1: 714 daAuts
     D:2: 634 daAuts
     D:4: 42 daAuts
